 Dungeon Crawl Stone Soup version 0.25.1-2-g60ff931df9 (webtiles) character file.

Game seed: 5150540377868543522

9738 pokeman the Thaumaturge (level 11, -5/61 HPs)
             Began as a Deep Elf Wizard on Oct 28, 2020.
             Was a Priest of Vehumet.
             Hit by a javelin thrown by Urug (12 damage)
             ... on level 10 of the Dungeon.
             The game lasted 00:41:51 (14237 turns).

pokeman the Thaumaturge (Deep Elf Wizard)          Turns: 14237, Time: 00:41:52

Health: -5/61      AC:  7    Str:  4      XL:     11   Next: 27%
Magic:  13/31      EV: 13    Int: 39      God:    Vehumet [***...]
Gold:   659        SH:  0    Dex: 14 (15) Spells: 27/39 levels left

rFire    + . .     SeeInvis .   p - +1 short sword (venom)
rCold    . . .     Gourm    .   (no shield)
rNeg     . . .     Faith    .   D - +0 steam dragon scales
rPois    +         Spirit   .   J - +0 helmet
rElec    .         Reflect  .   E - +0 cloak
rCorr    .         Harm     .   (no gloves)
MR       +....                  (no boots)
Stlth    ++........             c - amulet of the acrobat
HPRegen  0.20/turn              N - ring of Hyaxocziqug {*Contam rPois rF+ Int+6 Dex+2}
MPRegen  0.22/turn              y - +6 ring of intelligence

@: no status effects
A: no striking features
a: Renounce Religion


You were on level 10 of the Dungeon.
You worshipped Vehumet.
Vehumet was most pleased with you.
You were not hungry.

You visited 2 branches of the dungeon, and saw 11 of its levels.

You collected 659 gold pieces.

Inventory:

Hand Weapons
 e - a +1 whip of electrocution
 p - a +1 short sword of venom (weapon)
Missiles
 h - 44 bolts
Armour
 D - +0 steam dragon scales (worn)
 E - a +0 cloak (worn)
 J - a +0 helmet (worn)
 L - a +0 buckler
Magical Staves
 R - an uncursed staff of poison {unknown}
Jewellery
 a - an uncursed ring of resist corrosion
 c - an amulet of the acrobat (around neck)
 f - an uncursed amulet of guardian spirit
 q - an uncursed ring of protection from magic
 r - an uncursed ring of fire
 y - a +6 ring of intelligence (right hand)
 B - an uncursed ring of protection from fire
 C - a +6 ring of dexterity
 H - an uncursed ring of protection from cold
 K - the ring "Secyusos" {Int+3 Dex+6}
   (You took it off an orc on level 7 of the Dungeon)

   [ring of dexterity]

   It affects your intelligence (+3).
   It affects your dexterity (+6).
 N - the ring of Hyaxocziqug (left hand) {*Contam rPois rF+ Int+6 Dex+2}
   (You found it on level 8 of the Dungeon)

   [ring of intelligence]

   It affects your intelligence (+6).
   It affects your dexterity (+2).
   It protects you from fire.
   It protects you from poison.
   It causes magical contamination when unequipped.
Wands
 b - a wand of clouds (5)
 F - a wand of disintegration (13)
 I - a wand of flame (14)
Scrolls
 i - 7 scrolls of remove curse
 j - 5 scrolls of fear
 m - 2 scrolls of amnesia
 n - a scroll of blinking {unknown}
 o - 2 scrolls of immolation {unknown}
 w - 5 scrolls of enchant armour {unknown}
 x - 9 scrolls of teleportation {unknown}
 z - a scroll of silence {unknown}
 T - a scroll of identify
Potions
 g - a potion of might
 k - 5 potions of curing
 l - a potion of flight
 s - a potion of resistance
 t - 4 potions of heal wounds
 u - 2 potions of haste
 v - 3 potions of magic
 A - a potion of ambrosia
 G - 3 potions of lignification
 M - a potion of cancellation {unknown}
 O - a potion of brilliance {unknown}
 P - a potion of berserk rage {unknown}
 Q - a potion of stabbing {unknown}
Comestibles
 d - 15 rations


   Skills:
 - Level 4.0 Fighting
 - Level 3.0 Armour
 - Level 3.1 Dodging
 - Level 2.4 Stealth
 + Level 3.8 Shields
 * Level 14.7 Spellcasting
 + Level 8.6 Conjurations
 - Level 1.1 Summonings
 - Level 1.1 Translocations
 + Level 7.7 Fire Magic
 - Level 1.1 Air Magic
 - Level 1.0 Poison Magic
 - Level 1.1 Evocations


You had 27 spell levels left.
You knew the following spells:

 Your Spells              Type           Power        Failure   Level  Hunger
a - Magic Dart            Conj           ####         1%          1    None
b - Mephitic Cloud        Conj/Pois/Air  ######..     1%          3    None
c - Call Imp              Summ           #####...     1%          2    None
d - Blink                 Tloc           N/A          1%          2    None
e - Conjure Flame         Conj/Fire      #######.     1%          3    None
f - Foxfire               Conj/Fire      ####         1%          1    None

Your spell library contained the following spells:

 Spells                   Type           Power        Failure   Level  Hunger
 Iskenderun's Mystic Bla  Conj/Tloc      ######..     1%          4    None
 Pain                     Necr           ####         1%          1    None
 Slow                     Hex            ####....     1%          2    None
 Ignite Poison            Fire/Tmut/Pois ######..     1%          3    None
 Spider Form              Tmut/Pois      ####......   2%          3    None
 Olgreb's Toxic Radiance  Pois           #####...     2%          4    None
 Simulacrum               Ice/Necr       ####......   87%         6    None


Dungeon Overview and Level Annotations

Branches:
Dungeon (10/15)            Temple (1/1) D:5            Lair (0/6) D:8
    Orc: D:9-12

Altars:
Ashenzari
Dithmenos
Elyvilon
Fedhas
Hepliaklqana
Kikubaaqudgha
Makhleb
Nemelex Xobeh
Okawaru
Ru
Sif Muna
Trog
Vehumet
Wu Jian
Xom
Yredelemnul
Zin
The Shining One

Shops:
D:5 *

Annotations:
D:10 Urug


Message History

Urug is engulfed in noxious fumes.
Urug is engulfed in noxious fumes.
Urug throws a javelin.
The javelin pierces through you!
Casting: Mephitic Cloud (safe; 1% risk of failure)
Confirm with . or Enter, or press ? or * to list all spells.
You conjure some foxfire!
Urug is engulfed in noxious fumes.
Urug throws a javelin.
The javelin pierces through you!
* * * LOW HITPOINT WARNING * * *
Unknown command.
Casting: Foxfire (safe; 1% risk of failure)
Confirm with . or Enter, or press ? or * to list all spells.
You blink.
The foxfire hits the howler monkey zombie.
The howler monkey zombie is lightly damaged.
The foxfire hits Urug but does no damage.
Urug is severely wounded.
A two-headed ogre comes into view.
It is wielding a +0 giant club and a +0 giant spiked club.
Urug is engulfed in noxious fumes.
Urug throws a javelin.
The javelin pierces through you!
You die...

..# #.. #..# #..# ..# #..# #O.#
#..# #..# ..# #..#
#..####..####z.# ..# #..#
#...............
..#####..#########...............
....................####..####z.#
....................# #..# #..#
######..............# #..# #..# #
#..........@...# #..# #..# #
#.........○.○..####..####..#
######.........°○○......z.z......
...............○o......).........
..............§.....#####..#####.
.#####..####...Z....# #..# . .#
#..# #>.......# #..# . .# #..#
#........# #..# . .# #..#
#........# #..#


You could see Urug (very poisoned), a two-headed ogre and a howler monkey
zombie.

Vanquished Creatures
  2 ugly things (D:8)
  Psyche (D:9)
  A gargoyle (D:10)
  Maggie (D:6)
  A troll (D:10)
  Grinder (D:4)
  A hornet (D:9)
  Prince Ribbit (D:6)
  2 hippogriffs
  Sigmund (D:2)
  5 yaks (D:10)
  Edmund (D:5)
  A water moccasin (D:8)
  9 orc warriors
  3 sky beasts
  6 ice beasts
  3 black bears
  3 phantoms
  6 ogres
  2 centaurs
  A big kobold (D:9)
  4 bullfrogs
  A wyvern skeleton (D:6)
  5 scorpions
  22 killer bees
  4 wights (D:10)
  4 howler monkeys
  2 crimson imps
  A centaur zombie (D:5)
  2 quasits
  A bullfrog zombie (D:4)
  2 hounds
  5 jellies
  2 bullfrog skeletons (D:4)
  9 orc priests
  3 centaur skeletons
  Ijyb (D:5)
  12 orc wizards
  An iguana (D:10)
  4 worker ants
  A hound zombie (D:10)
  A hound skeleton (D:4)
  3 howler monkey zombies
  4 worker ant zombies
  14 adders
  6 gnolls
  A howler monkey skeleton (D:7)
  4 shadow imps
  2 oozes
  2 adder zombies (D:4)
  An adder skeleton (D:4)
  2 worms
  A dart slug (D:2)
  6 leopard geckos
  25 orcs
  A bat zombie (D:3)
  5 giant cockroaches
  10 goblins
  3 hobgoblins
  3 jackals
  6 quokkas
  3 bats
  3 frilled lizards
  2 jackal zombies (D:4)
  13 kobolds
  A leopard gecko zombie (D:6)
  A quokka zombie (D:5)
  10 rats
  2 rat zombies (D:3)
  A foxfire (D:10)
274 creatures vanquished.

Vanquished Creatures (collateral kills)
  An ice beast (D:7)
  A necrophage (D:8)
  A black bear (D:7)
3 creatures vanquished.

Vanquished Creatures (others)
  322 foxfires
322 creatures vanquished.

Grand Total: 599 creatures vanquished

Notes
Turn   | Place    | Note
-------+----------+-------------------------------------------
     0 | D:1      | pokeman the Deep Elf Wizard began the quest for the Orb.
     0 | D:1      | Reached XP level 1. HP: 10/10 MP: 7/7
   224 | D:1      | Reached XP level 2. HP: 16/16 MP: 1/9
   347 | D:1      | Found a shattered altar of Ashenzari.
  1035 | D:1      | Reached skill level 5 in Spellcasting
  1357 | D:2      | Reached XP level 3. HP: 20/20 MP: 7/11
  1362 | D:2      | Learned a level 3 spell: Mephitic Cloud
  1365 | D:2      | Learned a level 2 spell: Call Imp
  1368 | D:2      | Learned a level 2 spell: Blink
  1372 | D:2      | Learned a level 3 spell: Conjure Flame
  2015 | D:2      | Noticed Sigmund
  2026 | D:2      | Killed Sigmund
  2026 | D:2      | Reached skill level 1 in Fighting
  2026 | D:2      | Reached skill level 1 in Armour
  2026 | D:2      | Reached skill level 6 in Spellcasting
  2026 | D:2      | Reached XP level 4. HP: 26/26 MP: 10/14
  2026 | D:2      | Reached XP level 5. HP: 30/30 MP: 10/15
  2690 | D:3      | Found an ancient bone altar of Kikubaaqudgha.
  3275 | D:4      | Reached XP level 6. HP: 35/35 MP: 15/17
  3540 | D:4      | Identified the Almanac of Poison and Unholy Arts
  3550 | D:4      | Reached skill level 7 in Spellcasting
  3591 | D:4      | Reached skill level 1 in Shields
  3702 | D:4      | Reached XP level 7. HP: 40/40 MP: 16/20
  3808 | D:4      | Noticed Grinder
  4058 | D:4      | Reached skill level 1 in Fire Magic
  4185 | D:4      | Reached skill level 1 in Air Magic
  4246 | D:4      | Found a sparkling altar of Nemelex Xobeh.
  4249 | D:4      | Found a sacrificial altar of Ru.
  4252 | D:4      | Found a shimmering altar of Xom.
  4266 | D:4      | Found a blossoming altar of Fedhas.
  4433 | D:4      | Killed Grinder
  4433 | D:4      | Reached skill level 8 in Spellcasting
  4664 | D:4      | Reached skill level 9 in Spellcasting
  4754 | D:5      | Entered Level 5 of the Dungeon
  4863 | D:5      | Noticed Edmund
  4865 | D:5      | Reached skill level 1 in Poison Magic
  4917 | D:5      | Killed Edmund
  4917 | D:5      | Reached XP level 8. HP: 35/44 MP: 3/23
  5068 | D:5      | Found a white marble altar of Elyvilon.
  5295 | D:5      | Found Nagrij's Assorted Antiques.
  5433 | D:5      | Found an iron altar of Okawaru.
  5454 | D:5      | Found a shimmering blue altar of Sif Muna.
  5460 | D:5      | Found a glowing silver altar of Zin.
  5463 | D:5      | Found a basalt altar of Yredelemnul.
  5465 | D:5      | Found a shadowy altar of Dithmenos.
  5535 | D:5      | Noticed Ijyb
  5559 | D:5      | Killed Ijyb
  5761 | D:5      | Found a staircase to the Ecumenical Temple.
  5770 | Temple   | Entered the Ecumenical Temple
  5799 | Temple   | Became a worshipper of Vehumet
  6106 | D:6      | Noticed Prince Ribbit
  6126 | D:6      | Killed Prince Ribbit
  6126 | D:6      | Reached skill level 10 in Spellcasting
  6126 | D:6      | Reached skill level 1 in Evocations
  6223 | D:6      | Noticed Maggie
  6239 | D:6      | Killed Maggie
  6239 | D:6      | Reached skill level 5 in Conjurations
  6504 | D:6      | Reached XP level 9. HP: 43/48 MP: 8/25
  6598 | D:6      | Reached skill level 11 in Spellcasting
  7893 | D:7      | Reached * piety under Vehumet
  7893 | D:7      | Offered knowledge of Sandblast by Vehumet.
  8384 | D:7      | Reached skill level 5 in Fire Magic
  8512 | D:7      | Reached skill level 12 in Spellcasting
  8746 | D:7      | Identified the ring "Secyusos" {Int+3 Dex+6}
  8872 | D:7      | Found a hazy altar of Hepliaklqana.
  9376 | D:8      | Noticed a purple ugly thing
  9414 | D:8      | Killed a purple ugly thing
  9422 | D:8      | Reached XP level 10. HP: 42/56 MP: 21/28
  9879 | D:8      | Found a staircase to the Lair.
  9923 | D:8      | Reached ** piety under Vehumet
  9923 | D:8      | Offered knowledge of Foxfire by Vehumet.
  9926 | D:8      | Learned a level 1 spell: Foxfire
 10156 | D:8      | Reached skill level 13 in Spellcasting
 10832 | D:8      | Noticed a green ugly thing
 10907 | D:8      | Killed a green ugly thing
 11460 | D:8      | Got a vibrating bone ring
 11462 | D:8      | Identified the ring of Hyaxocziqug {*Contam rPois rF+ Int+6
                  | Dex+2} (You found it on level 8 of the Dungeon)
 11924 | D:9      | Offered knowledge of Inner Flame by Vehumet.
 12210 | D:9      | Noticed Psyche
 12219 | D:9      | Killed Psyche
 12219 | D:9      | Reached skill level 14 in Spellcasting
 12313 | D:9      | Reached *** piety under Vehumet
 13004 | D:10     | Entered Level 10 of the Dungeon
 13065 | D:10     | Reached XP level 11. HP: 61/61 MP: 26/31
 13224 | D:10     | Offered knowledge of Iskenderun's Mystic Blast by Vehumet.
 14211 | D:10     | Noticed Urug
 14237 | D:10     | Noticed a two-headed ogre
 14237 | D:10     | Hit by a javelin thrown by Urug

Illustrated notes

Levels and vault maps discovered:
D:1:      scummos_arrival_simple_fountains, layout_basic,
          minmay_misc_feat_secret_circle, dk_noncrumbling_3,
          evilmike_ruin_ashenzari
D:2:      layout_basic, uniq_sigmund
D:3:      layout_basic, lemuel_zombie_altar_kikubaaqudgha
D:4:      layout_loops_ring, grunt_temple_overflow_cloverleaf, serial_undead,
          serial_undead_a, serial_undead_d, serial_undead_d, serial_undead_b,
          first_ration, st_stairs_12, uniq_grinder
D:5:      layout_loops_ring, kennysheep_okawaru_gauntlet, minitemple,
          elyvilon_altar_3, minmay_temple_entry_fiery, serial_shops,
          shop_statue, uniq_ijyb, uniq_edmund
D:6:      layout_cave_pods, uniq_prince_ribbit1, uniq_maggie
D:7:      minmay_clustersquares, layout_gridville, kennysheep_mini
D:8:      kennysheep_windowed_halls, layout_basic, dpeg_oklobed_lair
D:9:      layout_grid_maze, item_on_display_a, uniq_psyche
D:10:     layout_small_grid, uniq_urug
Temple:   cyrus_temple_forest

Skill      XL: |  1  2  3  4  5  6  7  8  9 10 |
---------------+-------------------------------+-----
Spellcasting   | 5 6 7 9 10 12 14 | 14.7
Fighting       | 1 2 3 4 |  4.0
Armour         | 1 2 3 |  3.0
Conjurations   | 2 3 4 5 6 8 |  8.6
Dodging        | 3 |  3.1
Shields        | 1 2 3 |  3.8
Fire Magic     | 2 4 5 7 |  7.7
Air Magic      | 1 |  1.1
Poison Magic   | 1 |  1.0
Evocations     | 1 |  1.1
Stealth        | |  2.4
Summonings     | |  1.1
Translocations | |  1.1

Action                   |  1- 3 |  4- 6 |  7- 9 | 10-12 || total
-------------------------+-------+-------+-------+-------++-------
Melee: Short sword       |     6 |    32 |   149 |   120 ||   307
 Cast: Magic Dart        |    74 |    52 |   234 |    57 ||   417
       Mephitic Cloud    |     1 |     3 |    31 |    41 ||    76
       Conjure Flame     |       |     6 |    25 |    11 ||    42
       Call Imp          |       |       |    12 |     8 ||    20
       Blink             |       |       |     3 |     1 ||     4
       Foxfire           |       |       |       |   175 ||   175
Evoke: Wand              |       |       |     1 |     5 ||     6
  Use: Scroll            |       |       |     2 |    10 ||    12
 Stab: Confused          |     1 |       |    13 |    11 ||    25
       Distracted        |       |     1 |       |       ||     1
  Eat: Chunk             |     3 |     5 |    13 |    16 ||    37
       Ration            |       |       |     1 |       ||     1
Armor: Robe              |     1 |       |       |       ||     1
       Leather armour    |       |     8 |     7 |       ||    15
       Steam dragon scal |       |       |    44 |    28 ||    72
Dodge: Dodged            |    10 |    11 |   134 |   151 ||   306
